 Dungeon Crawl Stone Soup version 0.21-a0-349-g0c35859 (webtiles) character file.

39 tidbits the Magician (level 3, 20/25 HPs)
             Began as a Gnoll Wanderer on Oct 8, 2017.
             Quit the game on level 1 of the Dungeon.
             The game lasted 00:03:54 (488 turns).

tidbits the Magician (Gnoll Wanderer)                Turns: 488, Time: 00:03:55

Health: 20/25      AC:  5    Str: 14    XL:     3   Next: 45%
Magic:  8/11       EV: 10    Int: 15    God:
Gold:   46         SH:  0    Dex: 12    Spells: 11/16 levels left

rFire    . . .     SeeInvis .   e - -1 short sword (curse)
rCold    . . .     Gourm    .   (no shield)
rNeg     . . .     Faith    .   B - +0 ring mail
rPois    .         Spirit   .   (no helmet)
rElec    .         Reflect  .   (no cloak)
rCorr    .         Harm     .   (no gloves)
MR       .....                  (no boots)
Stlth    +.........             (no amulet)
HPRegen  0.08/turn              j - -2 ring of dexterity (curse)
MPRegen  0.12/turn              (no ring)

@: infused
A: distributed training, fangs 1, strong nose
a: no special abilities


You were on level 1 of the Dungeon.
You were not hungry.

You visited 1 branch of the dungeon, and saw 2 of its levels.

You collected 46 gold pieces.

Inventory:

Hand Weapons
 d - a +0 club
 e - a cursed -1 short sword (weapon)
 g - a +0 mace
 i - a +3 short sword of speed
   (You found it on level 1 of the Dungeon)
Armour
 c - a +0 robe
 B - a +0 ring mail (worn)
Jewellery
 j - a cursed -2 ring of dexterity (left hand)
   (You found it on level 2 of the Dungeon)
Books
 a - a book of Spatial Translocations

   Spells                             Type                      Level
   a - Blink                          Translocation                2
   b - Shroud of Golubria             Charms/Translocation         2
   c - Lesser Beckoning               Translocation                3
   d - Gell's Gravitas                Translocation                3
   e - Teleport Other                 Translocation                3
   f - Passage of Golubria            Translocation                4
 b - Sif Muna's Collected Works on Augmentations

   Spells                             Type                      Level
   a - Infusion                       Charms                       1
   b - Ozocubu's Armour               Charms/Ice                   3
Comestibles
 f - a bread ration
 h - a chunk of flesh


   Skills:
 + Level 0.7 Fighting
 + Level 0.7 Short Blades
 + Level 0.7 Long Blades
 + Level 0.7 Axes
 + Level 0.7 Maces & Flails
 + Level 0.7 Polearms
 + Level 0.7 Staves
 + Level 0.7 Slings
 + Level 0.7 Bows
 + Level 0.7 Crossbows
 + Level 0.7 Throwing
 + Level 0.7 Armour
 + Level 0.7 Dodging
 + Level 0.7 Stealth
 + Level 2.6 Shields
 + Level 0.7 Unarmed Combat
 + Level 7.1 Spellcasting
 + Level 0.7 Conjurations
 + Level 2.6 Hexes
 + Level 2.6 Charms
 + Level 0.7 Summonings
 + Level 0.7 Necromancy
 + Level 4.5 Translocations
 + Level 2.6 Transmutations
 + Level 0.7 Fire Magic
 + Level 0.7 Ice Magic
 + Level 0.7 Air Magic
 + Level 0.7 Earth Magic
 + Level 0.7 Poison Magic
 + Level 0.7 Invocations
 + Level 2.6 Evocations


You had 11 spell levels left.
You knew the following spells:

 Your Spells              Type           Power        Failure   Level  Hunger
b - Blink                 Tloc           N/A          6%          2    None
g - Shroud of Golubria    Chrm/Tloc      ###.......   10%         2    None
i - Infusion              Chrm           ##..         10%         1    None


Dungeon Overview and Level Annotations

Branches:
Dungeon (2/15)

Altars:

Annotations:
D:2 Terence


Innate Abilities, Weirdness & Mutations

Your experience applies equally to all skills.
You have very sharp teeth.
Your uncanny sense of smell can sniff out nearby items.


Message History

i - a glowing short sword
As you read the scroll labeled ABETUPLAHUA, it crumbles to dust.
It is a scroll of amnesia.
Forget which spell ([?*] list [ESC] exit)?
Forget which spell ([?*] list [ESC] exit)?
Okay, then.
As you read the scroll labeled WEIFUKHL HUKUIW, it crumbles to dust.
It is a scroll of enchant weapon.
Your glowing short sword glows red for a moment.
You see here a goblin skeleton.
Found 7 bolts.
A bat comes into view.
You closely miss the bat. The bat closely misses you.
The bat barely misses you. The bat hits you but does no damage.
The bat barely misses you.
Casting: Infusion
Confirm with . or Enter, or press ? or * to list all spells.
You miscast Infusion.
You are very lightly contaminated with residual magic.
The bat hits you but does no damage.
You hit the bat but do no damage. You bite the bat, but do no damage.
The bat hits you but does no damage. The bat barely misses you.
Casting: Infusion
Confirm with . or Enter, or press ? or * to list all spells.
You begin infusing your attacks with magical energy.
The bat hits you but does no damage. The bat barely misses you.
You closely miss the bat. The bat hits you but does no damage.
The bat barely misses you.
You closely miss the bat. The bat closely misses you.
You barely miss the bat. You bite the bat, but do no damage.
The bat hits you but does no damage. The bat hits you but does no damage.
You completely miss the bat. Your bite misses the bat.
The bat hits you but does no damage. x3
You closely miss the bat. The bat hits you but does no damage. x2
You hit the bat!
You kill the bat!
No target in view!
No target in view!
No target in view!
You see here a bat corpse.
You butcher the bat corpse.
h - a chunk of flesh You see here a bat skeleton.
Your magical infusion is running out.
Your magical contamination has completely faded away.
You are no longer magically infusing your attacks.
Magic restored.
There is an open door, spattered with blood here.
There is a stone staircase leading down here.
You climb downwards.
Level annotation: Terence A frilled lizard and a bat come into view.
The frilled lizard hisses angrily.
Found 19 bolts.
There is a stone staircase leading up here.
You closely miss the frilled lizard. The bat hits you but does no damage.
The frilled lizard bites you but does no damage.
Casting: Infusion
Confirm with . or Enter, or press ? or * to list all spells.
You begin infusing your attacks with magical energy.
The bat hits you. The frilled lizard closely misses you.
Your ring mail prevents you from hitting the frilled lizard.
The bat barely misses you.
The frilled lizard bites you but does no damage.
Your ring mail prevents you from hitting the frilled lizard.
The bat closely misses you.
The frilled lizard bites you but does no damage.
You hit the frilled lizard.
You kill the frilled lizard!
The bat closely misses you. The bat barely misses you.
The quokka twitches its whiskers.
You closely miss the quokka. The bat hits you but does no damage.
The quokka barely misses you.
Your ring mail prevents you from hitting the quokka.
The bat misses you. The bat closely misses you.
The quokka bites you but does no damage.
You hit the quokka.
The quokka is almost dead.
The bat hits you but does no damage. x2; The quokka barely misses you.
The quokka closely misses you.
You miss the quokka.
The quokka is almost dead.
The bat hits you. The quokka barely misses you.
Your ring mail prevents you from hitting the quokka.
The quokka is almost dead.
Terence screams, "I want your blood!" The quokka closely misses you.
The bat hits you but does no damage.
You hit the quokka.
You kill the quokka!
The bat hits you but does no damage. The bat hits you but does no damage.
There is a stone staircase leading up here.
The bat barely misses you.
You climb upwards.
There is a stone staircase leading down here.
Are you sure you want to abandon this character and quit the game? (Confirm with "yes".)

##.##### #.....# #.# ##...##
#รท# ##.## #.# #.# #. #.# #.#
#. #.# ##'## #. #.# ##...##
#.## #.# ##.....# #...
############@<##########..##
#......................#...##
#...##..##......##..##.#.....
#......................#...#.
#...######......######.##.##.
#......................#.....
#.####################.#.###.
#.#.......# #+# #...# #.
#.........# #(# ##### #.


There were no monsters in sight!

Vanquished Creatures
  An adder (D:2)
  A ball python (D:1)
  2 bats
  A giant cockroach (D:1)
  2 goblins (D:1)
  4 hobgoblins
  7 jackals
  A quokka (D:2)
  2 frilled lizards
  5 rats
26 creatures vanquished.

Notes
Turn   | Place    | Note
-------+----------+-------------------------------------------
     0 | D:1      | tidbits the Gnoll Wanderer began the quest for the Orb.
     0 | D:1      | tidbits set off with: a book of Spatial Translocations, Sif Muna's Collected Works on Augmentations, a +0 robe, a +0 club, a bread ration
     0 | D:1      | Reached XP level 1. HP: 13/13 MP: 8/8
     0 | D:1      | Identified Sif Muna's Collected Works on Augmentations
     2 | D:1      | Learned a level 1 spell: Infusion
   127 | D:1      | Reached XP level 2. HP: 10/19 MP: 2/10
   157 | D:1      | Learned a level 2 spell: Blink
   160 | D:1      | Learned a level 2 spell: Shroud of Golubria
   282 | D:2      | Reached XP level 3. HP: 13/25 MP: 0/11
   337 | D:2      | Noticed Terence
   488 | D:1      | Quit the game

Vault maps used:
D:1:      dpeg_arrival_line_fractal, serial_bayou_crossing
D:2:      fedhas_altar_fruit_tree, first_bread, uniq_terence

Action                   || total
-------------------------++-------
Melee: Short sword       ||   105
       Bite              ||     9
 Cast: Infusion          ||     8
  Use: Scroll            ||     2
 Stab: Sleeping          ||     1
Armor: Ring mail         ||    51
Dodge: Dodged            ||    75

Table legend:
 A = Spawn XP
 B = Non-spawn XP
 C = Spawn XP percentage of total XP
 D = Spawn monster count
 E = Non-spawn monster count
 F = Spawn count percentage of total count
 G = Total turns spent on level
                    A         B        C        D         E        F      G
               +---------+---------+-------+---------+---------+-------+---------
         Total |       0 |      56 |   0.0 |       0 |      26 |   0.0 |   488
               +---------+---------+-------+---------+---------+-------+---------
           D:1 |       0 |      28 |   0.0 |       0 |      16 |   0.0 |   373
           D:2 |       0 |      28 |   0.0 |       0 |      10 |   0.0 |   115
               +---------+---------+-------+---------+---------+-------+---------

Table legend:
 A = Turns spent in this place as a percentage of turns spent in the entire game.
 B = Non-inter-level travel turns spent in this place as a percentage of non-inter-level travel turns spent in the entire game.
 C = Inter-level travel turns spent in this place as a percentage of turns spent in this place.
 D = Turns resting spent in this place as a percentage of non-inter-level travel turns spent in this place.
 E = Turns spent auto-exploring this place as a percentage of non-inter-level travel turns spent in this place.
 F = Non-inter-level travel turns spent in this place divided by the number of levels of this place that you've seen.
                   A       B       C       D       E      F
               +-------+-------+-------+-------+-------+----------------------
         Total | 100.0 | 100.0 |   4.7 |   0.0 |   0.0 | 232.5
       Dungeon | 100.0 | 100.0 |   4.7 |   0.0 |   0.0 | 232.5
               +-------+-------+-------+-------+-------+----------------------

Table legend:
 A = Kills in this place as a percentage of kills in entire the game.
 B = Kills by you in this place as a percentage of kills by you in the entire game.
 C = Kills by friends in this place as a percentage of kills by friends in the entire game.
 D = Other kills in this place as a percentage of other kills in the entire game.
 E = Experience gained in this place as a percentage of experience gained in the entire game.
 F = Experience gained in this place divided by the number of levels of this place that you have seen.
                   A       B       C       D       E      F
               +-------+-------+-------+-------+-------+----------------------
         Total | 100.0 | 100.0 |   N/A |   N/A | 100.0 |  28.0
       Dungeon | 100.0 | 100.0 |   N/A |   N/A | 100.0 |  28.0
               +-------+-------+-------+-------+-------+----------------------

Vault maps used:
D:1:      dpeg_arrival_line_fractal, serial_bayou_crossing
D:2:      fedhas_altar_fruit_tree, first_bread, uniq_terence
